 Dungeon Crawl Stone Soup version 0.16-a0-1982-g8124c91 (webtiles) character file.

46 RobertPalmer the Insei (level 3, 26/26 HPs)
             Began as a Demonspawn Transmuter on Nov 8, 2014.
             Quit the game on level 2 of the Dungeon.
             The game lasted 00:01:36 (1601 turns).

RobertPalmer the Insei (Demonspawn Transmuter)      Turns: 1601, Time: 00:01:36

Health: 26/26      AC:  4    Str: 10    XL:     3   Next: 44%
Magic:  6/6        EV: 12    Int: 14    God:
Gold:   27         SH:  2    Dex: 14    Spells: 1 memorised, 5 levels left

rFire  . . .     SeeInvis .       - Unarmed
rCold  . . .     Clarity  .     c - +0 robe
rNeg   . . .     SustAb   .     (no shield)
rPois  .         Gourm    .     (helmet restricted)
rElec  .         Spirit   .     (no cloak)
rCorr  .         Warding  .     (no gloves)
rMut   .         Stasis   .     (no boots)
MR     .....                    (no amulet)
Stlth  +.........               (no ring)
                                (no ring)

@: not resistant to hostile enchantments, very unstealthy
A: horns 1, large bone plates 1
a: no special abilities


You were on level 2 of the Dungeon.
You were not hungry.

You visited 1 branch of the dungeon, and saw 2 of its levels.

You collected 27 gold pieces.


Innate Abilities, Weirdness & Mutations

You have a pair of small horns on your head.
You are partially covered in large bone plates (AC +2, SH +2).


   Skills:
 - Level 1.0 Fighting
 - Level 1.7 Dodging
 + Level 4.1 Unarmed Combat
 - Level 2.0 Spellcasting
 - Level 1.7 Transmutations


You had 5 spell levels left.
You knew the following spells:

 Your Spells              Type           Power        Failure   Level  Hunger
z - Beastly Appendage     Trmt           #.....       14%         1    ##.....

Inventory:

Missiles
 b - 34 arrows
Armour
 c - a +0 robe (worn)
 i - a +0 naga barding
 j - a +0 helmet
Jewellery
 s - a +1 ring of evasion {unknown}
Scrolls
 e - a scroll of random uselessness {unknown}
 f - a scroll of enchant weapon {unknown}
 g - a scroll of identify {unknown}
 k - 2 scrolls of teleportation {unknown}
 n - a scroll of noise {unknown}
 p - a scroll of enchant armour {unknown}
 r - 3 scrolls of remove curse {unknown}
Potions
 h - a potion of invisibility {unknown}
 l - a potion of curing {unknown}
 m - a potion of brilliance {unknown}
 o - a potion of might {unknown}
Books
 d - a book of Changes
Comestibles
 a - a bread ration
 q - a meat ration
 t - a chunk of flesh {@w1}

Dungeon Overview and Level Annotations

Branches:
Dungeon (2/15)

Altars:

#. #. #.. ## #####
#.. ##.#######...#
#..##............#
#.##....#.#.#####...#
...........##.# ##.##
#...@###.## ###.#
##.##.#.## #...# #
##.## #.### ### #.#
#.# #(# ##.# ##..#
####...##


There were no monsters in sight!


Message History

You barely miss Ijyb.
Ijyb is almost dead.
Ijyb hits you with a dagger.
You hit Ijyb.
Ijyb is almost dead.
Ijyb hits you with a dagger.
You hit Ijyb.
You kill Ijyb!
Your Unarmed Combat skill increases to level 4!
You have reached level 3!
Your experience leads to an increase in your attributes!
Increase (S)trength, (I)ntelligence, or (D)exterity?
You feel agile.
Your demonic ancestry asserts itself...
A pair of horns grows on your head!
Your +0 helmet falls away!
You closely miss the giant gecko. You headbutt the giant gecko.
You kill the giant gecko!
No target in view!
No target in view!
Things that are here:
a dagger; a giant gecko corpse; the goblin corpse of Ijyb You finish butchering the giant gecko corpse.
t - a chunk of flesh {@w1}
Things that are here:
a dagger; the goblin corpse of Ijyb Eat which item? (? for menu, Esc to quit)
You can't eat that!
You start resting.
HP restored.
Are you sure you want to abandon this character and quit the game? (Confirm with "yes".)

Action                   || total
-------------------------++-------
Melee: Unarmed           ||   147
 Cast: Beastly Appendage ||     3
 Stab: Sleeping          ||     1
  Eat: Chunk             ||     2

Vault maps used:
D:1:      minmay_arrival_solitary_statue, minmay_unequal
D:2:      serial_bayou_lagoon_b, uniq_iyjb

Notes
Turn   | Place    | Note
--------------------------------------------------------------
     0 | D:1      | RobertPalmer, the Demonspawn Transmuter, began the quest for the Orb.
     0 | D:1      | Reached XP level 1. HP: 15/15 MP: 3/3
   217 | D:1      | Reached skill level 3 in Unarmed Combat
   570 | D:1      | Gained mutation: You are partially covered in large bone plates (AC +2, SH +2). [demonic ancestry]
   570 | D:1      | Reached XP level 2. HP: 11/21 MP: 4/4
  1483 | D:2      | Noticed Ijyb
  1524 | D:2      | Killed Ijyb
  1524 | D:2      | Reached skill level 4 in Unarmed Combat
  1524 | D:2      | Gained mutation: You have a pair of small horns on your head. [demonic ancestry]
  1524 | D:2      | Reached XP level 3. HP: 19/26 MP: 6/6
  1601 | D:2      | Quit the game

Vanquished Creatures
  Ijyb (D:2)
  A giant gecko (D:2)
  A giant cockroach (D:1)
  2 goblins (D:1)
  4 hobgoblins (D:1)
  2 jackals (D:1)
  4 kobolds (D:1)
  2 ball pythons (D:1)
  3 bats (D:1)
  3 giant newts (D:1)
  3 rats (D:1)
26 creatures vanquished.
